 Dungeon Crawl Stone Soup version 0.20-a0-1040-gfd09691 (webtiles) character file.

7 Gorglomux the Firebug (level 1, 0/14 HPs)
             Began as a Demigod Fire Elementalist on Apr 23, 2017.
             Slain by a rat (1 damage)
             ... on level 1 of the Dungeon.
             The game lasted 00:00:43 (176 turns).

Gorglomux the Firebug (Demigod Fire Elementalist)    Turns: 176, Time: 00:00:44

Health: 0/14       AC:  2    Str: 11    XL:     1   Next: 66%
Magic:  0/5        EV: 12    Int: 19    God:
Gold:   0          SH:  0    Dex: 16    Spells: 2/3 levels left

rFire    . . .     SeeInvis .   (no weapon)
rCold    . . .     Gourm    .   (no shield)
rNeg     . . .     Faith    .   a - +0 robe
rPois    .         Spirit   .   (no helmet)
rElec    .         Reflect  .   (no cloak)
rCorr    .         Harm     .   (no gloves)
MR       .....                  (no boots)
Stlth    ++........             (no amulet)
Regen    0.1/turn               (no ring)
MPRegen  0.1/turn               (no ring)

@: no status effects
A: high mp 1
a: no special abilities


You were on level 1 of the Dungeon.
You were not hungry.

You visited 1 branch of the dungeon, and saw 1 of its levels.

Inventory:

Armour
 a - a +0 robe (worn)
Books
 b - a book of Flames
Comestibles
 c - a bread ration {@e1@e1}


   Skills:
 - Level 1.7 Dodging
 - Level 1.7 Stealth
 + Level 1.9 Spellcasting
 * Level 1.1 Conjurations
 * Level 2.9 Fire Magic


You had 2 spell levels left.
You knew the following spells:

 Your Spells              Type           Power        Failure   Level  Hunger
a - Flame Tongue          Conj/Fire      #....        8%          1    #......


Dungeon Overview and Level Annotations

Branches:
Dungeon (1/15)


Innate Abilities, Weirdness & Mutations

You have an increased reservoir of magic. (+10% MP)


Message History

The giant cockroach bites you.
You take 1 damage, and have 9/14 hp.
The giant cockroach barely misses you.
The giant cockroach bites you but does no damage. x2
As you open the door, it creaks loudly! The giant cockroach closely misses you.
The giant cockroach barely misses you.
There is an open door here.
The jackal closely misses you. The jackal barely misses you.
You barely miss the jackal. The jackal bites you.
You take 1 damage, and have 8/14 hp.
You barely miss the jackal. The jackal misses you.
The jackal closely misses you.
The ooze quivers.
You hit the jackal. The jackal closely misses you.
You closely miss the jackal. The jackal barely misses you.
The jackal bites you but does no damage.
Aim: a giant cockroach (clinging)
You miscast Flame Tongue.
You are very lightly contaminated with residual magic.
You feel uncomfortably hot. The jackal bites you.
You now have 2/5 mp.
Aim: a giant cockroach (clinging)
The flame tongue misses the jackal.
The flame tongue misses the giant cockroach.
The flame tongue hits the giant cockroach.
The jackal closely misses you.
You now have 1/5 mp.
Aim: a giant cockroach (clinging)
The flame tongue hits the jackal.
You kill the jackal!
The rat twitches its whiskers.
You now have 0/5 mp.
You aren't carrying any potions.
Okay, then.
You barely miss the giant cockroach. The giant cockroach barely misses you.
You closely miss the giant cockroach. The giant cockroach closely misses you.
You hit the giant cockroach but do no damage.
The giant cockroach barely misses you.
You closely miss the giant cockroach. The giant cockroach barely misses you.
The giant cockroach bites you.
You take 1 damage, and have 7/14 hp.
You hit the giant cockroach but do no damage.
The giant cockroach bites you.
The ooze jiggles.
You take 1 damage, and have 6/14 hp.
You barely miss the giant cockroach.
The giant cockroach bites you but does no damage.
You hit the giant cockroach. The giant cockroach bites you.
You take 1 damage, and have 5/14 hp.
You completely miss the giant cockroach.
The giant cockroach barely misses you.
You hit the giant cockroach but do no damage.
The giant cockroach bites you.
* * * LOW HITPOINT WARNING * * *
The giant cockroach waves its antennae.
The giant cockroach closely misses you.
You take 1 damage, and have 4/14 hp.
You barely miss the giant cockroach. The giant cockroach barely misses you.
You hit the giant cockroach but do no damage.
The ooze jiggles.
The giant cockroach bites you but does no damage.
Aim: a giant cockroach (moderately wounded, clinging)
The flame tongue hits the giant cockroach.
The giant cockroach barely misses you.
You now have 0/5 mp.
You hit the giant cockroach.
You kill the giant cockroach!
The giant cockroach waves its antennae.
You hit the giant cockroach but do no damage.
The giant cockroach closely misses you. x2
You hit the giant cockroach but do no damage.
The giant cockroach barely misses you.
You hit the giant cockroach.
You kill the giant cockroach!
The giant cockroach bites you.
* * * LOW HITPOINT WARNING * * *
You take 1 damage, and have 3/14 hp.
You barely miss the giant cockroach. The giant cockroach misses you.
Unknown command.
You barely miss the giant cockroach.
The giant cockroach waves its antennae.
The giant cockroach misses you.
Your magical contamination has completely faded away.
You closely miss the giant cockroach. The giant cockroach barely misses you.
You closely miss the giant cockroach. The giant cockroach barely misses you.
Aim: a giant cockroach (clinging)
The flame tongue hits the giant cockroach.
You kill the giant cockroach!
You now have 0/5 mp.
You hit the rat but do no damage. The rat closely misses you.
You hit the rat. The rat bites you.
* * * LOW HITPOINT WARNING * * *
You take 1 damage, and have 2/14 hp.
You closely miss the rat. The rat bites you.
* * * LOW HITPOINT WARNING * * *
You take 1 damage, and have 1/14 hp.
You closely miss the rat. The rat bites you.
You die...

### #@# #r#
#r# #r# #s#
#####J##
#....J.#
+...)..#
#......#####


You could see 2 oozes, a giant cockroach and 3 rats.

Vanquished Creatures
  3 giant cockroaches (D:1)
  2 jackals (D:1)
5 creatures vanquished.

Notes
Turn   | Place    | Note
-------+----------+-------------------------------------------
     0 | D:1      | Gorglomux the Demigod Fire Elementalist began the quest for the Orb.
     0 | D:1      | Reached XP level 1. HP: 14/14 MP: 5/5
    87 | D:1      | Noticed a jelly
   101 | D:1      | Found a runed door.
   104 | D:1      | Reached skill level 1 in Conjurations
   167 | D:1      | HP: 3/14 [giant cockroach (1)]
   174 | D:1      | HP: 2/14 [rat (2)]
   176 | D:1      | Slain by a rat

Vault maps used:
D:1:      dpeg_arrival_caged_fury

Skill      XL: |  1 |
---------------+----+-----
Conjurations   | 1 |  1.1
Dodging        | |  1.7
Stealth        | |  1.7
Spellcasting   | |  1.9
Fire Magic     | |  2.9

Action                   || total
-------------------------++-------
Melee: Unarmed           ||    30
 Cast: Flame Tongue      ||     9
Armor: Robe              ||     7
Dodge: Dodged            ||    44

Vault maps used:
D:1:      dpeg_arrival_caged_fury

Table legend:
 A = Turns spent in this place as a percentage of turns spent in the entire game.
 B = Non-inter-level travel turns spent in this place as a percentage of non-inter-level travel turns spent in the entire game.
 C = Inter-level travel turns spent in this place as a percentage of turns spent in this place.
 D = Turns resting spent in this place as a percentage of non-inter-level travel turns spent in this place.
 E = Turns spent auto-exploring this place as a percentage of non-inter-level travel turns spent in this place.
 F = Non-inter-level travel turns spent in this place divided by the number of levels of this place that you've seen.
                   A       B       C       D       E      F
               +-------+-------+-------+-------+-------+----------------------
         Total | 100.0 | 100.0 |   0.0 |   2.4 |   0.0 |  83.0
       Dungeon | 100.0 | 100.0 |   0.0 |   2.4 |   0.0 |  83.0
               +-------+-------+-------+-------+-------+----------------------

Table legend:
 A = Kills in this place as a percentage of kills in entire the game.
 B = Kills by you in this place as a percentage of kills by you in the entire game.
 C = Kills by friends in this place as a percentage of kills by friends in the entire game.
 D = Other kills in this place as a percentage of other kills in the entire game.
 E = Experience gained in this place as a percentage of experience gained in the entire game.
 F = Experience gained in this place divided by the number of levels of this place that you have seen.
                   A       B       C       D       E      F
               +-------+-------+-------+-------+-------+----------------------
         Total | 100.0 | 100.0 |  -nan |  -nan | 100.0 |  10.0
       Dungeon | 100.0 | 100.0 |  -nan |  -nan | 100.0 |  10.0
               +-------+-------+-------+-------+-------+----------------------
